 Dungeon Crawl Stone Soup version 0.31-a0-833-gc15d34cb79 (webtiles) character file.

Game seed: 6242811397141771683

42133 Kurtz the Severer (level 14, -8/97 HPs)
             Began as an Octopode Fighter on Sept 25, 2023.
             Was a Priest of Qazlal.
             Killed from afar by a frost giant (52 damage)
             ... with a bolt of cold
             ... in an ice cave.
             The game lasted 00:35:31 (13630 turns).

Kurtz the Severer (Octopode Fighter)               Turns: 13630, Time: 00:35:32

Health: -8/97      AC:  5    Str: 17    XL:     14   Next: 18%
Magic:  20/20      EV: 19    Int: 11    God:    Qazlal [***...]
Gold:   736        SH: 16    Dex: 20    Spells: 13/13 levels left

rFire   . . .        D - +4 broad axe (elec)
rCold   . . .        F - +0 kite shield
rNeg    . . .        (helmet restricted)
rPois   .            x - amulet of regeneration
rElec   .            e - +6 ring of dexterity
rCorr   .            t - +4 ring of protection
SInv    .            (no ring)
Will    +....        (no ring)
Stlth   ++           (no ring)
HPRegen 1.16/turn    (no ring)
MPRegen 0.17/turn    (no ring)
                     (no ring)

%: no passive effects
@: invisible
A: almost no armour, amphibious, 8 rings, camouflage 1, gelatinous body 1,
(nimble swimmer 1), tentacles
a: Renounce Religion, Upheaval, Elemental Force


You were in an ice cave.
You worshipped Qazlal.
Qazlal was most pleased with you.
You visited 2 branches of the dungeon, and saw 16 of its levels.
You also visited: Bailey and Ice Cave.

You collected 1102 gold pieces.
You spent 366 gold pieces at shops.

Inventory:

Hand Weapons
 j - a +0 whip of holy wrath
 n - a +2 hand axe of pain
 q - the +9 hammer of Karma {speed, SInv}
   (You found it on level 3 of the Dungeon)

   SInv:      It lets you see invisible.
 w - the +1 war axe "Tiuforghi" {protect, rPois Dex+2 SInv Stlth+}
   (You took it off an orc on level 5 of the Dungeon)

   Dex+2:     It affects your dexterity (+2).
   rPois:     It protects you from poison SInv: It lets you see invisible.
   Stlth+:    It makes you more stealthy.
 D - a +4 broad axe of electrocution (weapon)
Missiles
 d - 9 poisoned darts
 h - a throwing net
 H - 4 curare-tipped darts
Armour
 b - a +0 buckler
 F - a +0 kite shield (worn)
Jewellery
 e - a +6 ring of dexterity (left tentacle)
 f - an amulet of reflection
 t - a +4 ring of protection (right tentacle)
 x - an amulet of regeneration (around mantle)
 I - a ring of ice
 O - an amulet of faith
 P - a ring of magical power
Wands
 a - a wand of acid (15)
 v - a wand of charming (8)
 G - a wand of flame (2) (quivered)
Scrolls
 c - 4 scrolls of vulnerability
 g - 4 scrolls of revelation
 i - 6 scrolls of teleportation
 k - 2 scrolls of amnesia {unknown}
 l - 2 scrolls of enchant armour
 p - 2 scrolls of butterflies
 r - 4 scrolls of immolation
 s - 2 scrolls of brand weapon {unknown}
 y - a scroll of noise {unknown}
 C - 3 scrolls of torment
 E - a scroll of fear
 J - 3 scrolls of fog {unknown}
 L - 2 scrolls of silence {unknown}
 M - a scroll of poison
Potions
 m - a potion of brilliance
 o - 9 potions of curing
 u - a potion of heal wounds
 z - 5 potions of mutation
 A - a potion of enlightenment {unknown}
 B - 2 potions of invisibility
 K - 3 potions of magic {unknown}
 R - a potion of haste {unknown}


   Skills:
 * Level 9.2 Fighting
 * Level 16.8 Axes
 + Level 9.8 Dodging
 * Level 10.0 Shields
 * Level 9.0 Invocations


You had 13 spell levels left.
You didn't know any spells.
Your spell library contained the following spells:

 Spells                   Type           Power      Damage    Failure   Level
 Freeze                   Ice            0%         1d3       58%         1
 Shock                    Conj/Air       0%         1d3       58%         1
 Ensorcelled Hibernation  Hex/Ice        0%         N/A       73%         2
 Jinxbite                 Hex            0%         N/A       73%         2
 Passwall                 Tmut/Erth      0%         N/A       73%         2
 Frozen Ramparts          Ice            0%         1d1       91%         3
 Hailstorm                Conj/Ice       0%         3d3       91%         3
 Swiftness                Air            0%         N/A       91%         3
 Tukima's Dance           Hex            0%         N/A       91%         3
 Airstrike                Air            0%         2d(0-16)  100%        4
 Anguish                  Hex/Necr       0%         N/A       100%        4
 Brom's Barrelling Bould  Conj/Erth      0%         2d3       100%        4
 Dimensional Bullseye     Hex/Tloc       0%         N/A       100%        4
 Iskenderun's Mystic Bla  Conj/Tloc      0%         2d3       100%        4
 Vhi's Electric Charge    Tloc/Air       0%         N/A       100%        4
 Arcjolt                  Conj/Air       0%         1d10      100%        5
 Fireball                 Conj/Fire      0%         3d3       100%        5
 Iskenderun's Battlesphe  Conj           0%         2d6       100%        5
 Conjure Ball Lightning   Conj/Air       0%         3x3d6     100%        6
 Plasma Beam              Fire/Air       0%         2x1d10    100%        6
 Orb of Destruction       Conj           0%         9d5       100%        7


Dungeon Overview and Level Annotations

Branches:
Dungeon (15/15)            Temple (0/1) D:5            Lair (1/5) D:10
    Orc (0/2) D:10         Vaults (0/5) D:13         Bailey (visited)
  IceCv (1/1)
 Depths: D:15

Altars:
Ashenzari
Fedhas
Makhleb
Nemelex Xobeh
Okawaru
Qazlal
Uskayaw
Vehumet
Xom
Yredelemnul
The Shining One
Jiyva

Shops:
D:6 [   D:7 *   D:8 (   D:10 =

Annotations:
D:3 1 runed translucent door, Crazy Yiuf
D:4 2 transporters, Zxelo's ghost, weakling SpCj
D:14 exclusion: 3 doors
D:15 Roxanne


Innate Abilities, Weirdness & Mutations

You cannot wear most types of armour.
You are amphibious.
You can wear up to eight rings at the same time.
Your skin changes colour to match your surroundings (Stealth+).
Your rubbery body absorbs attacks. (AC +1, EV +1)
((You are camouflaged when in or above water. (Stealth+)))
You have tentacles for arms and can constrict up to eight enemies at once.


Message History

You slash the yak! You squeeze the yak!
The yak is severely wounded.
The yak barely misses you.
You slice the yak!!
You kill the yak!
Qazlal accepts your kill.
You see here a yak corpse.
You hear an angry hiss.
You hear an angry growl.
You hear a howl!
You hear a bellow! x3
A polar bear comes into view.
You swing at nothing.
You hit the polar bear. You squeeze the polar bear!
The polar bear is moderately wounded.
You hear a bellow!
A frost giant comes into view.
It is wielding a +2 battleaxe of freezing.
You block the polar bear's attack. The polar bear barely misses you.
You block the polar bear's attack.
You slash the polar bear!
The polar bear is heavily wounded.
The frost giant gestures at you while chanting.
The bolt of cold hits the polar bear!
The polar bear resists.
The bolt of cold hits you!!!
Ouch! That really hurt!
You block the polar bear's attack. The polar bear claws you.
You block the polar bear's attack.
You hear a bellow!
You hear an angry hiss.
You fade into invisibility!
A yak comes into view.
The polar bear goes berserk!
You catch the helpless polar bear completely off-guard!
You hit the polar bear but do no damage.
The polar bear is almost dead.
You block the polar bear's attack. The polar bear closely misses you.
The polar bear misses you. The frost giant casts a spell at you.
The bolt of cold hits the polar bear!!
The polar bear resists.
The polar bear dies!
The bolt of cold hits you!!!
Ouch! That really hurt!
You die...

###### ###
###....###
†.#######....#...###
#....#.....####.@.C#
##......####
####..Y# ########
####


You could see a frost giant and a yak (wandering, unable to see you).

Vanquished Creatures
  Azrael (D:13)
  Snorg (D:13)
  4 centaur warriors
  2 two-headed ogres
  2 dancing weapons (D:13)
  A boulder beetle (D:13)
  2 death yaks (IceCv)
  Sonja (D:12)
  Pikel (D:8)
  17 ugly things
  2 deep elf pyromancers
  4 cyclopes
  4 manticores
  Maurice (D:8)
  An ice statue (IceCv)
  Joseph (D:8)
  A gargoyle (D:11)
  2 komodo dragons
  6 rime drakes (IceCv)
  A kobold demonologist (D:9)
  2 efreet
  2 ice devils (Lair:1)
  3 trolls
  4 polar bears
  3 meliai (D:13)
  A hornet (D:7)
  5 slime creatures
  Sigmund (D:2)
  A centaur simulacrum (D:15)
  A vampire (D:10)
  2 shadows
  3 wraiths
  24 yaks
  2 basilisks
  4 fire elementals (D:13)
  6 vampire mosquitoes
  A steam dragon (D:7)
  Menkaure (D:5)
  An acid dragon (D:12)
  Edmund (D:5)
  3 wargs (D:10)
  3 water moccasins
  3 hell hounds (D:13)
  3 orc warriors
  A black bear (shapeshifter) (D:9)
  6 ice beasts
  A black bear (D:7)
  10 centaurs
  11 wolves
  4 phantoms
  2 kobold brigands
  5 bullfrogs
  11 gnoll sergeants
  5 scorpions
  7 wights
  5 killer bees (D:9)
  3 electric eels (D:8)
  14 howler monkeys
  4 crimson imps (D:8)
  4 jellies
  5 hounds
  7 gnoll boudas
  10 orc priests
  2 sleepcaps
  4 iguanas
  7 orc wizards
  16 gnolls
  6 adders
  2 shadow imps
  2 ufetubi (D:6)
  3 worms (D:2)
  3 dart slugs
  40 orcs
  9 ball pythons
  6 bats
  6 endoplasms
  2 giant cockroaches (D:1)
  11 goblins
  12 hobgoblins
  8 jackals
  12 kobolds
  2 quokkas
  8 frilled lizards
  7 rats
418 creatures vanquished.

Vanquished Creatures (others)
  A polar bear (IceCv)
  A vampire (D:12)
2 creatures vanquished.

Grand Total: 420 creatures vanquished

Notes
Turn   | Place    | Note
-------+----------+-------------------------------------------
     0 | D:1      | Kurtz the Octopode Fighter began the quest for the Orb.
     0 | D:1      | Reached XP level 1. HP: 16/16 MP: 1/1
   177 | D:1      | Reached XP level 2. HP: 21/21 MP: 2/2
   248 | D:1      | Reached skill level 3 in Axes
   359 | D:1      | Reached XP level 3. HP: 24/26 MP: 3/3
   598 | D:2      | Noticed Sigmund
   608 | D:2      | Killed Sigmund
   609 | D:2      | Reached skill level 5 in Axes
   609 | D:2      | Reached XP level 4. HP: 15/31 MP: 4/4
   609 | D:2      | Reached XP level 5. HP: 18/36 MP: 5/5
   813 | D:2      | Reached skill level 6 in Axes
   965 | D:2      | Reached XP level 6. HP: 40/42 MP: 6/6
  1342 | D:3      | Found a faded altar of an unknown god.
  1545 | D:3      | Identified the +9 hammer of Karma {speed, SInv}
  1546 | D:3      | Found a runed translucent door.
  1547 | D:3      | Noticed Crazy Yiuf
  2096 | D:4      | Found a basalt altar of Yredelemnul.
  2098 | D:4      | Found a blossoming altar of Fedhas.
  2102 | D:4      | Found a sparkling altar of Nemelex Xobeh.
  2102 | D:4      | Found a stormy altar of Qazlal.
  2103 | D:4      | Found a radiant altar of Vehumet.
  2119 | D:4      | Became a worshipper of Qazlal Stormbringer
  2252 | D:4      | Found a transporter.
  2254 | D:4      | Noticed Zxelo's ghost (weakling SpCj)
  2266 | D:4      | Found a transporter.
  2288 | D:4      | Reached skill level 7 in Axes
  2292 | D:4      | Reached XP level 7. HP: 33/46 MP: 7/7
  2453 | D:4      | Reached * piety under Qazlal
  2488 | D:4      | Found a broken altar of Ashenzari.
  2494 | D:4      | Reached skill level 1 in Invocations
  2892 | D:5      | Entered Level 5 of the Dungeon
  2921 | D:5      | Reached skill level 8 in Axes
  2940 | D:5      | Identified the +1 war axe "Tiuforghi" {protect, rPois Dex+2
                  | SInv Stlth+}
  3059 | D:5      | Noticed Edmund
  3060 | D:5      | Reached XP level 8. HP: 44/52 MP: 9/9
  3066 | D:5      | Killed Edmund
  3077 | D:5      | Noticed Menkaure
  3099 | D:5      | Killed Menkaure
  3100 | D:5      | Reached skill level 9 in Axes
  3162 | D:5      | Found an iron altar of Okawaru.
  3405 | D:5      | Reached skill level 5 in Dodging
  3405 | D:5      | Reached XP level 9. HP: 58/58 MP: 11/11
  3427 | D:5      | Reached ** piety under Qazlal
  3495 | D:5      | Reached skill level 10 in Axes
  3717 | D:5      | Found a staircase to the Ecumenical Temple.
  4171 | D:6      | Found Duapel's Antique Armour Shop.
  4337 | D:6      | Found a glowing golden altar of the Shining One.
  4550 | D:6      | You fall into a shaft and drop 3 floors!
  4582 | D:9      | Found a flagged portal.
  4597 | Bailey   | Entered a bailey
  4728 | Bailey   | Reached skill level 11 in Axes
  4766 | Bailey   | Reached XP level 10. HP: 36/65 MP: 13/13
  4894 | Bailey   | Reached *** piety under Qazlal
  5308 | D:9      | Noticed a kobold demonologist
  5337 | D:8      | Found Juegehio's Antique Weapon Shoppe.
  5339 | D:8      | Noticed Joseph
  5513 | D:8      | Noticed Pikel
  5517 | D:8      | Reached skill level 12 in Axes
  5526 | D:8      | Killed Pikel
  5527 | D:8      | Reached skill level 5 in Invocations
  5571 | D:8      | Killed Joseph
  5707 | D:8      | Identified the +4 whip of the Realm of Zot {flame, Fragile
                  | rC+ rCorr Dex+2}
  5899 | D:8      | Found a shimmering altar of Xom.
  6004 | D:8      | Noticed Maurice
  6017 | D:8      | Killed Maurice
  6018 | D:8      | Reached skill level 5 in Fighting
  6327 | D:7      | Reached XP level 11. HP: 71/71 MP: 15/15
  6413 | D:7      | Reached skill level 5 in Shields
  6570 | D:7      | Found Pitua's General Store.
  6573 | D:7      | Bought a potion of heal wounds for 80 gold pieces
  6573 | D:7      | Bought a scroll of torment for 152 gold pieces
  6573 | D:7      | Bought a wand of acid (2) for 134 gold pieces
  6970 | D:8      | Reached skill level 13 in Axes
  7305 | D:9      | Reached **** piety under Qazlal
  7332 | D:9      | Found a hide-covered altar of Uskayaw.
  7335 | D:9      | Found a burning altar of Makhleb.
  7593 | D:10     | Entered Level 10 of the Dungeon
  7593 | D:10     | Found a staircase to the Orcish Mines.
  7662 | D:10     | Found a staircase to the Lair.
  7674 | D:10     | Found Rewiath's Jewellery Emporium.
  7694 | D:10     | Found a viscous altar of Jiyva.
  7808 | D:10     | Reached skill level 14 in Axes
  7885 | D:10     | Noticed a two-headed ogre
  7890 | D:10     | Killed a two-headed ogre
  8276 | D:11     | Identified the +7 dagger of Corruption {freeze, rPois
                  | Stlth+}
  8290 | D:11     | Noticed a manticore
  8300 | D:11     | Killed a manticore
  8301 | D:11     | Reached XP level 12. HP: 74/79 MP: 15/17
  8685 | D:11     | Noticed a two-headed ogre
  8694 | D:11     | Killed a two-headed ogre
  9075 | D:12     | Found a blossoming altar of Fedhas.
  9270 | D:12     | Reached skill level 15 in Axes
  9306 | D:12     | Noticed Sonja
  9308 | D:12     | Killed Sonja
 10177 | D:13     | Noticed Snorg
 10193 | D:13     | Killed Snorg
 10300 | D:13     | Found a gate to the Vaults.
 10366 | D:13     | Identified the +7 long sword of Firphai {antimagic, rF+
                  | rN+}
 10505 | D:13     | Noticed a centaur warrior
 10518 | D:13     | Killed a centaur warrior
 10583 | D:13     | Reached XP level 13. HP: 60/86 MP: 18/18
 10867 | D:13     | Noticed Azrael
 11268 | D:13     | Killed Azrael
 11562 | D:14     | Reached skill level 16 in Axes
 12757 | D:14     | Found a sparkling altar of Nemelex Xobeh.
 12870 | D:15     | Entered Level 15 of the Dungeon
 13220 | D:15     | Noticed Roxanne
 13313 | Lair:1   | Entered Level 1 of the Lair of Beasts
 13389 | Lair:1   | Found a frozen archway.
 13405 | IceCv    | Entered an ice cave
 13434 | IceCv    | Reached XP level 14. HP: 71/95 MP: 13/20
 13595 | IceCv    | Reached skill level 10 in Shields
 13627 | IceCv    | Noticed a frost giant
 13630 | IceCv    | Killed from afar by a frost giant

Illustrated notes

Levels and vault maps discovered:
D:1:      dpeg_arrival_chambers_temple_mockup, layout_basic, item_on_display_b
D:2:      layout_loops_ring, minmay_misc_feat_enclosed, uniq_sigmund
D:3:      layout_rooms, shapermc_ecumenical_altar_gd, corexii_shack,
          grunt_ministairs_12, chequers_serial_rivers_large_b,
          uniq_crazy_yiuf_cottage
D:4:      layout_basic, ashenzari_altar_1, minitemple, gammafunk_ghost_mausoleum
D:5:      minmay_recursive_quarters, layout_basic,
          mainiacjoe_overflow_concentric_impassable,
          minmay_temple_entry_junction_2, uniq_menkaure, uniq_edmund
D:6:      layout_loops_cross, mainiacjoe_overflow_cross_hatched, serial_shops,
          nicolae_lakefront_shop, minmay_starry_boxes
D:7:      layout_gridville, serial_shops, nicolae_shop_window_shopping
D:8:      layout_loops_ring, led_xom_imps, serial_shops,
          nicolae_shop_tiny_glass, small_statue_intersection,
          serial_bayou_lake_a, uniq_joseph, uniq_pikel, uniq_maurice
D:9:      minmay_distorted_concentric_squares, layout_loops_cross,
          mainiacjoe_overflow_catwalk_spiral, enter_bailey_5
D:10:     layout_rooms, erik_lair_orcish_takeover, orc_0_dummy, serial_shops,
          shop, jiyva_altar_1
D:11:     layout_layer_cave, minmay_lizard_king
D:12:     layout_basic, fedhas_altar_fruit_tree, uniq_sonja
D:13:     layout_gridville, erik_vaults_1, uniq_snorg, uniq_azrael
D:14:     layout_roguey, chequers_serial_rivers_room_b,
          nemelex_diamond_rough_becter
D:15:     grunt_enter_depths_hoard, layout_basic, serial_bayou_shore_b,
          ebering_ghost_gozag, nicolae_qazlal_scattered_showers, uniq_roxanne
Lair:1:   layout_regular_city, portal_ice_cave_demonic_guard,
          minmay_lair_oklob_bushes, uniq_erica, uniq_grum
IceCv:    ice_cave_small_giant

Skill      XL: |  1  2  3  4  5  6  7  8  9 10 11 12 13 14 |
---------------+-------------------------------------------+-----
Axes           | 3 5 6 7 8 9 11 12 14 15 16 | 16.8
Invocations    | 1 3 4 5 6 7 8 9 |  9.0
Dodging        | 5 6 7 8 9 |  9.8
Fighting       | 4 5 6 7 8 9 |  9.2
Shields        | 4 5 7 9 10 | 10.0

Action                     |  1- 3 |  4- 6 |  7- 9 | 10-12 | 13-15 || total
---------------------------+-------+-------+-------+-------+-------++-------
  Melee: War axe           |    52 |    39 |   210 |   559 |   206 ||  1066
         Constrict         |     9 |    21 |    55 |    86 |    24 ||   195
         Tentacles         |     6 |    15 |    63 |   149 |    83 ||   316
         Mace              |       |    38 |    40 |       |       ||    78
         Hand axe          |       |     5 |       |       |       ||     5
         Punch             |       |       |     3 |     8 |     3 ||    14
         Broad axe         |       |       |       |       |    85 ||    85
  Throw: Dart              |       |       |    10 |    23 |    17 ||    50
         Throwing net      |       |       |       |     4 |     1 ||     5
 Invoke: Upheaval          |       |       |     1 |    20 |    14 ||    35
  Evoke: Wand              |       |       |       |     5 |     8 ||    13
    Use: Potion            |     1 |       |       |     2 |     5 ||     8
         Scroll            |       |       |     5 |     9 |     6 ||    20
   Stab: Sleeping          |     6 |     9 |       |       |       ||    15
         Held in net/web   |       |       |       |     4 |       ||     4
         Invisible         |       |       |       |       |     5 ||     5
 Armour: Skin              |    21 |    41 |   111 |   227 |   150 ||   550
  Dodge: Dodged            |    37 |    40 |   163 |   237 |   128 ||   605
  Block: Buckler           |    12 |    19 |   111 |    99 |       ||   241
         Kite shield       |       |       |       |   211 |   232 ||   443

Table legend: (Time is in decaauts)
 A = Elapsed time spent in this place.
 B = Non-inter-level travel time spent in this place.
 C = Inter-level travel time spent in this place.
 D = Time resting spent in this place.
 E = Time spent auto-exploring this place.
 F = Levels seen in this place.
 G = Mean time per level.
                   A        B        C        D        E       F      G
               +--------+--------+--------+--------+--------+-----+--------+
         Total |  13584 |  12483 |   1101 |   1010 |   7840 |  18 |  754.7 |
       Dungeon |  12588 |  11487 |   1101 |    770 |   7695 |  15 |  839.2 |
          Lair |     90 |     90 |      0 |      0 |     16 |   1 |   90.0 |
        Bailey |    688 |    688 |      0 |    176 |     86 |   1 |  688.0 |
      Ice Cave |    216 |    216 |      0 |     64 |     43 |   1 |  216.0 |
               +--------+--------+--------+--------+--------+-----+--------+

Top non-repeatable levels by time:
    D:14: 1504 daAuts
    D:13: 1391 daAuts
    D:12: 1180 daAuts
     D:5: 1034 daAuts
     D:3: 947 daAuts
     D:8: 898 daAuts
    D:11: 888 daAuts
     D:4: 795 daAuts
     D:6: 743 daAuts
  Bailey: 688 daAuts
     D:9: 671 daAuts
     D:7: 633 daAuts
     D:2: 607 daAuts
     D:1: 587 daAuts
    D:10: 577 daAuts
